 Dungeon Crawl Stone Soup version 0.31.0-12-g77e489cdc1 (webtiles) character file.

Game seed: 12028343043038604356

9513 spaghetti the Brawler (level 11, 0/78 HPs)
             Began as a Demonspawn Fighter on Feb 25, 2024.
             Was a High Priest of Okawaru.
             Slain by a yak (8 damage)
             ... on level 1 of the Lair of Beasts.
             The game lasted 00:09:46 (9347 turns).

spaghetti the Brawler (Demonspawn Fighter)          Turns: 9347, Time: 00:09:46

Health: 0/78       AC: 17    Str: 20    XL:     11   Next: 24%
Magic:  9/11       EV: 11    Int: 10    God:    Okawaru [*****.]
Gold:   514        SH: 12    Dex: 12    Spells: 10/10 levels left

rFire   . .          .
                       - Unarmed
rCold   + . .        b - +1 buckler
rNeg    . . .        a - +0 scale mail
rPois   +            v - +1 hat
rElec   .            l - +0 cloak
rCorr   .            q - +0 pair of gloves
SInv    .            A - +2 pair of boots
Will    .....        i - amulet of Qily {Reflect rPois SH+5}
Stlth   +            j - ring of protection from cold
HPRegen 0.33/turn    (no ring)
MPRegen 0.12/turn

%: reflection
@: heroic
A: powered by pain 1, spiny 1, sharp scales 2, weakness stinger 2
a: Renounce Religion, Heroism, Finesse, Duel


You were on level 1 of the Lair of Beasts.
You worshipped Okawaru.
Okawaru was extremely pleased with you.
You visited 3 branches of the dungeon, and saw 11 of its levels.

You collected 564 gold pieces.
You spent 50 gold pieces at shops.

Inventory:

Missiles
 s - a throwing net
 C - 2 silver javelins
 D - 61 stones (quivered)
Armour
 a - a +0 scale mail (worn)
 b - a +1 buckler (worn)
 l - a +0 cloak (worn)
 q - a +0 pair of gloves (worn)
 v - a +1 hat (worn)
 A - a +2 pair of boots (worn)
Jewellery
 i - the amulet of Qily (around neck) {Reflect rPois SH+5}
   (You found it on level 2 of the Dungeon)

   [amulet of reflection]

   Reflect:   It reflects blocked missile attacks.
   rPois:     It protects you from poison SH+5: It affects your SH (+5).
 j - a ring of protection from cold (left hand)
Wands
 n - a wand of light (5)
 x - a wand of paralysis (7)
Scrolls
 k - a scroll of enchant armour
 p - a scroll of immolation
 t - 2 scrolls of teleportation
 y - a scroll of noise
Potions
 c - a potion of might
 d - 4 potions of haste
 e - 2 potions of ambrosia
 g - a potion of cancellation
 h - 4 potions of enlightenment
 m - 2 potions of berserk rage
 o - a potion of degeneration {unknown}
 r - 2 potions of attraction {unknown}
 u - a potion of curing {unknown}
 z - a potion of magic {unknown}
 B - a potion of brilliance {unknown}


   Skills:
 + Level 4.6(9.6) Fighting
 + Level 3.1(8.1) Throwing
 - Level 2.6(7.6) Armour
 - Level 2.6(7.6) Shields
 + Level 15.3(20.3) Unarmed Combat


You had 10 spell levels left.
You didn't know any spells.
Your spell library contained the following spells:

 Spells                   Type           Power      Damage    Failure   Level
 Foxfire                  Conj/Fire      0%         2x1d4     75%         1
 Shock                    Conj/Air       0%         1d3       75%         1
 Static Discharge         Conj/Air       0%         3-3/arc   86%         2
 Sublimation of Blood     Necr           0%         N/A       86%         2
 Dazzling Flash           Conj/Hex       0%         N/A       98%         3
 Swiftness                Air            0%         N/A       98%         3
 Volatile Blastmotes      Fire/Tloc      0%         2d10      98%         3
 Airstrike                Air            0%         2d(0-16)  100%        4
 Anguish                  Hex/Necr       0%         N/A       100%        4
 Cause Fear               Hex            0%         N/A       100%        4
 Vhi's Electric Charge    Tloc/Air       0%         N/A       100%        4
 Arcjolt                  Conj/Air       0%         1d10      100%        5
 Freezing Cloud           Conj/Ice/Air   0%         6-21      100%        5
 Plasma Beam              Fire/Air       0%         2x1d10    100%        6
 Starburst                Conj/Fire      0%         6d3       100%        6
 Enfeeble                 Hex            0%         N/A       100%        7
 Borgnjor's Revivificati  Necr           0%         N/A       100%        8
 Maxwell's Capacitive Co  Air            0%         ∞         100%        8
 Death's Door             Necr           0%         N/A       100%        9
 Call Imp                 Summ           Unusable   N/A       N/A         2
 Martyr's Knell           Necr/Summ      Unusable   N/A       N/A         4
 Summon Lightning Spire   Summ/Air       Unusable   N/A       N/A         4
 Haunt                    Necr/Summ      Unusable   N/A       N/A         7
 Summon Hydra             Summ           Unusable   N/A       N/A         7

Dungeon Overview and Level Annotations

Branches:
Dungeon (9/15)             Temple (1/1) D:4            Lair (1/5) D:9
    Orc (0/2) D:9

Altars:
Ashenzari
Cheibriados
Dithmenos
Fedhas
Gozag
Hepliaklqana
Kikubaaqudgha
Nemelex Xobeh
Okawaru
Qazlal
Ru
Sif Muna
Uskayaw
Wu Jian
Xom

Shops:
D:4 **   D:8 (

Annotations:
Lair:1 1 runed translucent door, Zeo's ghost, journeyman BaHu


Innate Abilities, Weirdness & Mutations

You sometimes gain a little power by taking damage.
You are partially covered in sharp spines.
You are mostly covered in razor-sharp scales. (AC +2, Slay +2)
You have a tail ending in a sharp stinger.


Message History

You punch the yak!
The yak is moderately wounded.
You hit the yak. You tail-slap the yak.
The yak is heavily wounded.
Cornered, the yak turns to fight!
You punch the yak! You tail-slap the yak.
The yak is almost dead.
You punch the yak!
You kill the yak!
Okawaru accepts your kill.
Your hands slow down.
You start resting.
A yak is nearby!
A yak is nearby!
You enter a teleport trap!
The teleport trap disappears.
Your surroundings seem slightly different.
A yak is nearby!
You start resting.
A yak is nearby!
You completely miss the yak. The yak gores you!
* * * LOW HITPOINT WARNING * * *
You punch the yak!
The yak is moderately wounded.
The yak is struck by your spines. The yak gores you!
* * * LOW HITPOINT WARNING * * *
You gain the combat prowess of a mighty hero.
The yak gores you.
* * * LOW HITPOINT WARNING * * *
The air fills with toxic fumes!
As you read the scroll of poison, it crumbles to dust.
The yak is struck by your spines. The yak barely misses you.
You closely miss the yak.
The yak is heavily wounded.
You block the yak's attack.
You punch the yak!
The yak is almost dead.
You barely miss the yak.
The yak is almost dead.
The yak gores you!
You die...

#....# #....# #....#
#....### ##....#P#
#.......# #####...Y.#.#
## # ##
P##Y.#..#.#.######§#§#P§#
.......##.....##@§§§§§§§.
......##.......##Yl§§§§§.
......#...##.#...F§§§§§§.
.....##..#...##..#§§§§§§.
###..#...........####§###
##.###...........# #
.⌠.##...#.⌠.⌠..#..
....#..#.......#..###
.>..+..#...>...#....


You could see a komodo dragon, a yak and a cane toad.

Vanquished Creatures
  2 two-headed ogres
  2 cane toads (Lair:1)
  3 komodo dragons
  A troll (D:9)
  2 wyverns
  23 yaks
  4 water moccasins
  4 orc warriors
  An ice beast (D:7)
  A black bear (D:5)
  2 ogres (D:6)
  4 centaurs
  4 bullfrogs
  3 gnoll sergeants
  2 scorpions
  3 wights (D:6)
  4 howler monkeys
  A bombardier beetle (D:6)
  3 hounds
  An orc priest (D:9)
  A jelly (D:5)
  2 sleepcaps
  2 iguanas
  10 orc wizards
  5 hell rats (Lair:1)
  12 gnolls
  9 adders
  2 ufetubi (D:7)
  2 dart slugs
  3 ribbon worms
  23 orcs
  4 bats
  4 bat skeletons (D:5)
  2 bat zombies (D:5)
  6 endoplasms
  2 giant cockroaches (D:2)
  7 goblins
  4 hobgoblins
  7 jackals
  2 quokkas
  5 ball pythons
  2 frilled lizards
  3 kobolds
  2 rats (D:3)
191 creatures vanquished.

Notes
Turn   | Place    | Note
-------+----------+-------------------------------------------
     0 | D:1      | spaghetti the Demonspawn Fighter began the quest for the
                  | Orb.
     0 | D:1      | Reached XP level 1. HP: 18/18 MP: 1/1
   251 | D:1      | Reached skill level 2 in Unarmed Combat
   454 | D:1      | Gained mutation: You are partially covered in razor-sharp
                  | scales. (AC +1, Slay +1) [demonic ancestry]
   454 | D:1      | Reached XP level 2. HP: 24/24 MP: 2/2
  1032 | D:2      | Reached skill level 3 in Unarmed Combat
  1129 | D:2      | Identified the amulet of Qily {Reflect rPois SH+5}
  1149 | D:2      | Gained mutation: You are partially covered in sharp spines.
                  | [demonic ancestry]
  1149 | D:2      | Reached XP level 3. HP: 29/29 MP: 3/3
  1191 | D:2      | Got Sif Muna's Codex of Lethal Voltage
  1794 | D:3      | Found a faded altar of an unknown god.
  2114 | D:3      | Reached skill level 4 in Unarmed Combat
  2114 | D:3      | Reached XP level 4. HP: 35/35 MP: 4/4
  2784 | D:4      | Found a staircase to the Ecumenical Temple.
  2809 | D:4      | Gained mutation: You have a small tail. [demonic ancestry]
  2809 | D:4      | Reached XP level 5. HP: 37/41 MP: 5/5
  2815 | D:4      | Reached skill level 5 in Unarmed Combat
  2836 | Temple   | Entered the Ecumenical Temple
  2865 | Temple   | Became a worshipper of Warmaster Okawaru
  2974 | D:4      | Found a shadowy altar of Dithmenos.
  3033 | D:4      | Found Fyrep's Assorted Antiques.
  3170 | D:4      | Bought a scroll of identify for 50 gold pieces
  3246 | D:4      | Found Ita Nix's Assorted Antiques.
  3358 | D:4      | Reached XP level 6. HP: 47/47 MP: 6/6
  3522 | D:5      | Entered Level 5 of the Dungeon
  3552 | D:5      | Reached skill level 6 in Unarmed Combat
  3712 | D:5      | Reached skill level 7 in Unarmed Combat
  3713 | D:5      | Reached * piety under Okawaru
  3714 | D:5      | Reached XP level 7. HP: 32/52 MP: 7/7
  3990 | D:5      | Found an ancient bone altar of Kikubaaqudgha.
  4213 | D:6      | Reached skill level 8 in Unarmed Combat
  4456 | D:6      | Noticed a wyvern
  4462 | D:6      | Killed a wyvern
  4462 | D:6      | Reached ** piety under Okawaru
  4463 | D:6      | Gained mutation: You have a tail ending in a sharp stinger.
                  | [demonic ancestry]
  4463 | D:6      | Reached XP level 8. HP: 53/58 MP: 8/8
  4539 | D:6      | Reached skill level 9 in Unarmed Combat
  4774 | D:6      | Reached skill level 10 in Unarmed Combat
  4915 | D:6      | Noticed a two-headed ogre
  4924 | D:6      | Killed a two-headed ogre
  4925 | D:6      | Reached skill level 11 in Unarmed Combat
  4925 | D:6      | Gained mutation: You are mostly covered in razor-sharp
                  | scales. (AC +2, Slay +2) [demonic ancestry]
  4925 | D:6      | Reached XP level 9. HP: 43/63 MP: 6/9
  6029 | D:8      | Identified the +0 chain mail of Understanding {+Inv}
  6350 | D:8      | Reached skill level 12 in Unarmed Combat
  6459 | D:8      | Reached *** piety under Okawaru
  6599 | D:8      | Found Upluirr's Weapon Boutique.
  6832 | D:9      | Reached skill level 13 in Unarmed Combat
  6843 | D:9      | Gained mutation: You sometimes gain a little power by
                  | taking damage. [demonic ancestry]
  6843 | D:9      | Reached XP level 10. HP: 52/70 MP: 8/10
  6907 | D:9      | Found a staircase to the Orcish Mines.
  6937 | D:9      | Reached **** piety under Okawaru
  6987 | D:9      | Found a staircase to the Lair.
  7050 | D:9      | Found a stormy altar of Qazlal.
  7125 | D:9      | Reached skill level 14 in Unarmed Combat
  7185 | D:9      | Found an opulent altar of Gozag.
  7265 | D:9      | Reached ***** piety under Okawaru
  7541 | D:9      | Noticed a two-headed ogre
  7551 | D:9      | Killed a two-headed ogre
  7551 | D:9      | Received a gift from Okawaru
  7552 | D:9      | Reached skill level 15 in Unarmed Combat
  8885 | Lair:1   | Entered Level 1 of the Lair of Beasts
  8899 | Lair:1   | Noticed a cane toad
  8909 | Lair:1   | Reached skill level 1 in Throwing
  8911 | Lair:1   | Killed a cane toad
  9030 | Lair:1   | Noticed a cane toad
  9038 | Lair:1   | Killed a cane toad
  9039 | Lair:1   | Reached XP level 11. HP: 68/76 MP: 11/11
  9184 | Lair:1   | Found a runed translucent door.
  9185 | Lair:1   | Found a shimmering altar of Xom.
  9185 | Lair:1   | Noticed Zeo's ghost (journeyman BaHu)
  9185 | Lair:1   | Noticed a +0 quarterstaff of chaos
  9347 | Lair:1   | Slain by a yak

Illustrated notes

Levels and vault maps discovered:
D:1:      dpeg_arrival_stonehenge_8_columns, layout_loops_corners,
          chequers_serial_rivers_small_b
D:2:      layout_basic
D:3:      layout_basic, hellmonk_ecumenical_altar_leap_of_faith
D:4:      layout_basic, mainiacjoe_overflow_six_doors_small,
          minmay_temple_entry_gardened_gates, serial_shops,
          nicolae_shop_tiny_waterfront, nicolae_shop_crystal,
          minmay_misc_feat_more_columns
D:5:      layout_rooms, kennysheep_vampire_church
D:6:      layout_basic, nrook_mini_backslash
D:7:      layout_loops_cross
D:8:      layout_basic, serial_shops, shop
D:9:      layout_basic, nicolae_gozag_cash_rules_everything_around_me,
          nicolae_qazlal_style_of_elements, david_lair_shrubbed, orc_0_dummy,
          kennysheep_small_square
Temple:   nicolae_temple_ecumenical_triangle
Lair:1:   statuecave_lemuel, layout_long_grid, ebering_ghost_xom,
          serial_bayou_crossing, serial_bayou_shore_b, grunt_megastairs_2,
          lemuel_fruit_fields

Skill      XL: |  1  2  3  4  5  6  7  8  9 10 11 |
---------------+----------------------------------+-----
Unarmed Combat | 2 3 4 5 7 8 11 13 15 | 15.3
Throwing       | 2 3 |  3.1
Fighting       | 4 |  4.6
Armour         | |  2.6
Shields        | |  2.6

Action                     |  1- 3 |  4- 6 |  7- 9 | 10-12 || total
---------------------------+-------+-------+-------+-------++-------
  Melee: Unarmed           |   116 |    93 |   209 |   184 ||   602
         Tailslap          |       |     9 |    29 |    32 ||    70
  Throw: Stone             |       |       |       |    33 ||    33
 Invoke: Heroism           |       |       |     3 |     3 ||     6
         Finesse           |       |       |       |     1 ||     1
  Evoke: Wand              |       |       |     1 |       ||     1
    Use: Scroll            |     9 |     3 |     2 |     3 ||    17
         Potion            |       |     1 |       |       ||     1
   Stab: Invisible         |       |       |     1 |       ||     1
 Armour: Scale mail        |    61 |    52 |    85 |    72 ||   270
  Dodge: Dodged            |    25 |    22 |    48 |    30 ||   125
  Block: Buckler           |    41 |    33 |    94 |    71 ||   239
         Reflection        |       |     4 |     5 |     2 ||    11
